Dallas Stars vs Hartford Whalers

Created - Monday, November 3, 2025 at 07:02

Goals
1 2 3 OT1 SO T
Dallas Stars 2 0 1 0 1 3
Hartford Whalers 2 1 0 0 2 4
Shots
1 2 3 OT1 SO T
Dallas Stars 10 10 13 0 5 33
Hartford Whalers 14 12 6 0 5 32

1st period

1. Dallas Stars , Trent Frederic 14 (Alex Iafallo 17, Jack Drury 21) at 4:55
2. Hartford Whalers , Jonathan Drouin 14 (Simon Edvinsson 15, Filip Mesar 2) at 5:07
3. Dallas Stars , Jordan Martinook 38 (Luke Kunin 38) at 11:10
4. Hartford Whalers , Anthony Cirelli 19 (Dylan Guenther 40, Nick Suzuki 48) at 14:31

Penalties :
Josh Anderson (DAL) for Holding (Minor) at 7:55, Sidney Crosby (HFD) for High sticking (Minor) at 11:13, Arber Xhekaj (DAL) for Tripping (Minor) at 17:08

2nd period

5. Hartford Whalers , Braden Schneider 2 (Matthew Coronato 23, Anders Lee 19) at 12:55

Penalties :
Luke Kunin (DAL) for Roughing (Minor) at 2:14, Anders Lee (HFD) for Hooking (Minor) at 4:47

3rd period

6. Dallas Stars , Josh Anderson 26 (Trevor van Riemsdyk 24, Elias Lindholm 43) at 15:46 (PP)

Penalties :
Josh Anderson (DAL) for Delaying the game (Minor) at 4:14, Trent Frederic (DAL) for Interference (Minor) at 7:43, Josh Anderson (DAL) for Cross-checking (Minor) at 12:19, Vladislav Gavrikov (HFD) for Roughing (Double Minor) at 15:26

Overtime #1

No Goal

Penalties :
No Penalty

Shootout

Dallas Stars, Elias Lindholm - Stopped by Spencer Knight
Hartford Whalers, Nick Suzuki - Stopped by Alex Lyon
Dallas Stars, Josh Anderson - Stopped by Spencer Knight
Hartford Whalers, Sidney Crosby - Goal!
Dallas Stars, Jordan Martinook - Goal!
Hartford Whalers, Pierre-Luc Dubois - Shot Misses the Net
Dallas Stars, Brendan Gallagher - Stopped by Spencer Knight
Hartford Whalers, Anthony Cirelli - Stopped by Alex Lyon
Dallas Stars, Alex Iafallo - Stopped by Spencer Knight
Hartford Whalers, Kaapo Kakko - Goal!

Penalties :
No Penalty

Goalie Stats

Alex Lyon (DAL), 29 saves from 32 shots - (0.906), OTL, 22-15-3, 65:00 minutes
Spencer Knight (HFD), 30 saves from 33 shots - (0.909), W, 9-4-3, 65:00 minutes

Players Stats for Dallas Stars

Player Name              G  A  P  +/- PIM S  H  SB GA TA FO     MP     PP MP  PK MP  
------------------------------------------------------------------------------------
Alex Iafallo             0  1  1   1  0   4  0  1  0  0  0/0    11:30   0:21   0:00 
Arber Xhekaj             0  0  0   1  2   0  2  1  0  0  0/0    14:32   0:00   0:00 
Brendan Gallagher        0  0  0  -3  0   5  0  1  2  1  2/2    21:52   3:12   5:26 
Cam York                 0  0  0   1  0   0  0  1  1  1  0/0    14:08   0:00   0:00 
Dougie Hamilton          0  0  0  -2  0   1  1  5  0  0  0/0    25:30   3:02   6:03 
Elias Lindholm           0  1  1  -3  0   3  1  0  0  1  10/17  22:30   2:54   6:24 
Jack Drury               0  1  1   1  0   3  0  0  1  0  0/1    14:17   0:00   3:19 
Jakob Chychrun           0  0  0   0  0   1  0  2  1  1  0/0    25:22   3:15   5:51 
Joel Kiviranta           0  0  0   0  0   2  1  0  0  0  0/1     9:14   0:18   0:00 
Jonatan Berggren         0  0  0   0  0   2  0  0  0  0  0/0     7:54   0:00   0:00 
Jordan Greenway          0  0  0   1  0   1  3  1  0  1  1/1    15:35   3:05   0:29 
Jordan Martinook         1  0  1   1  0   1  3  1  0  0  6/11   22:20   3:05   5:26 
Josh Anderson            1  0  1  -3  6   4  1  0  1  1  0/1    19:33   2:54   2:44 
Luke Kunin               0  1  1   1  2   1  0  0  0  0  2/12   14:49   3:02   0:00 
Philip Tomasino          0  0  0   0  0   1  2  0  1  0  0/4     7:54   0:00   0:00 
Rasmus Ristolainen       0  0  0  -2  0   1  3  0  0  0  0/0    25:30   3:02   6:03 
Trent Frederic           1  0  1   1  2   2  1  0  0  0  0/0    10:08   0:00   0:00 
Trevor van Riemsdyk      0  1  1   0  0   1  1  1  1  0  0/0    25:22   3:15   5:51 

Players Stats for Hartford Whalers

Player Name              G  A  P  +/- PIM S  H  SB GA TA FO     MP     PP MP  PK MP  
------------------------------------------------------------------------------------
Anders Lee               0  1  1   1  2   2  3  0  0  0  3/9    16:52   5:29   2:22 
Anthony Cirelli          1  0  1   1  0   1  1  0  0  0  2/2    15:44   0:27   3:05 
Braden Schneider         1  0  1  -1  0   1  0  1  0  3  0/0    13:58   0:00   0:00 
Devon Toews              0  0  0  -1  0   2  1  1  0  0  0/0    25:06   5:56   3:27 
Dylan Guenther           0  1  1   1  0   2  1  0  3  0  1/1    19:17   5:54   0:03 
Filip Mesar              0  1  1   1  0   0  1  0  0  0  3/3    10:33   0:00   0:00 
Jonathan Drouin          1  0  1   1  0   1  2  0  1  0  0/0    17:10   5:58   0:00 
Jordan Kyrou             0  0  0  -2  0   1  1  0  0  1  0/0    18:55   5:29   0:00 
Kaapo Kakko              0  0  0   1  0   1  0  0  0  0  0/0     8:04   0:27   0:00 
Kaiden Guhle             0  0  0   0  0   0  0  1  0  0  0/0    16:19   0:00   3:51 
Matthew Coronato         0  1  1   1  0   3  0  1  0  1  1/1    14:41   6:11   0:00 
Nick Suzuki              0  1  1   1  0   3  1  0  1  0  10/18  22:31   5:58   3:09 
Pierre-Luc Dubois        0  0  0  -2  0   4  1  0  0  0  1/1    19:45   5:29   1:59 
Seth Jones               0  0  0   2  0   2  5  1  1  0  0/0    28:13   5:58   2:50 
Sidney Crosby            0  0  0  -2  2   4  0  1  0  0  8/15   22:23   5:58   1:56 
Simon Edvinsson          0  1  1   1  0   3  0  2  0  1  0/0    16:09   0:00   0:17 
Tyson Foerster           0  0  0   1  0   2  1  0  0  0  0/0    10:49   0:16   0:00 
Vladislav Gavrikov       0  0  0   1  4   0  1  2  0  2  0/0    17:11   0:00   2:09 

3 Stars

1 - Jonathan Drouin (HFD)
2 - Jordan Martinook (DAL)
3 - Anthony Cirelli (HFD)

Power Play

Dallas Stars - 1 on 4 Attempt(s) - 25.00%
Hartford Whalers - 0 on 6 Attempt(s) - 0.00%

Penalty Kill

Dallas Stars - 6 on 6 Attempt(s) - 100.00% - Score 0 goal in Penalty Kill
Hartford Whalers - 3 on 4 Attempt(s) - 75.00% - Score 0 goal in Penalty Kill

Team Stat

Dallas Stars - Hits : 19 - Faceoff Wins : 21 - Blocked Shots : 14 - Penalty Minutes : 12
Hartford Whalers - Hits : 19 - Faceoff Wins : 29 - Blocked Shots : 10 - Penalty Minutes : 8

Official

Referees : Trevor Hanson and Chris Schlenker
Linesman : Andrew Smith and Libor Suchanek

Game Notes

No Game Note

Finance

Level 1 -- Attendance: 5168 (86.13%) -- Ticket Income $439,280
Level 2 -- Attendance: 5000 (100.00%) -- Ticket Income $275,000
Level 3 -- Attendance: 2789 (92.97%) -- Ticket Income $83,670
Level 4 -- Attendance: 4331 (86.62%) -- Ticket Income $86,620
Luxury Box -- Attendance: 890 (89.00%) -- Ticket Income $169,100
Game was played at the Hartford Civic Center.
Total Attendance: 18178 (90.89%)
Total Ticket Income: $1,053,670
Other Income: $368,784
Total Income: $1,422,454

Dallas Stars

5 vs 5 Forward 
   Center                   Left Wing                Right Wing               Time % Phy DF OF 
 1 Elias Lindholm           Josh Anderson            Brendan Gallagher        30     1   2  2  
 2 Luke Kunin               Jordan Martinook         Jordan Greenway          30     1   2  2  
 3 Jack Drury               Alex Iafallo             Trent Frederic           25     1   2  2  
 4 Philip Tomasino          Joel Kiviranta           Jonatan Berggren         15     1   2  2  

5 vs 5 Defense 
   Defense                  Defense                                           Time % Phy DF OF 
 1 Rasmus Ristolainen       Dougie Hamilton                                   35     1   2  2  
 2 Trevor van Riemsdyk      Jakob Chychrun                                    35     1   2  2  
 3 Arber Xhekaj             Cam York                                          30     1   2  2  
 4 Rasmus Ristolainen       Dougie Hamilton                                   0      1   2  2  

PowerPlay Forward 
   Center                   Left Wing                Right Wing               Time % Phy DF OF 
 1 Elias Lindholm           Josh Anderson            Brendan Gallagher        50     1   2  2  
 2 Luke Kunin               Jordan Martinook         Jordan Greenway          50     1   2  2  

PowerPlay Defense
   Defense                  Defense                                           Time % Phy DF OF 
 1 Rasmus Ristolainen       Dougie Hamilton                                   50     1   2  2  
 2 Trevor van Riemsdyk      Jakob Chychrun                                    50     1   2  2  

Penalty Kill 4 Players Forward 
   Center                   Wing                     Time % Phy DF OF 
 1 Elias Lindholm           Josh Anderson            50     1   2  2  
 2 Jordan Martinook         Brendan Gallagher        50     1   2  2  

Penalty Kill 4 Players Defense
   Defense                  Defense                  Time % Phy DF OF 
 1 Rasmus Ristolainen       Dougie Hamilton          50     1   2  2  
 2 Trevor van Riemsdyk      Jakob Chychrun           50     1   2  2  

Penalty Kill - 3 Players Forward 
   Forward                                           Time % Phy DF OF 
 1 Elias Lindholm                                    50     1   2  2  
 2 Josh Anderson                                     50     1   2  2  

Penalty Kill - 3 Players Defense
   Defense                  Defense                  Time % Phy DF OF 
 1 Rasmus Ristolainen       Dougie Hamilton          50     1   2  2  
 2 Trevor van Riemsdyk      Jakob Chychrun           50     1   2  2  

4 vs 4 Forward 
   Center                   Wing                     Time % Phy DF OF 
 1 Elias Lindholm           Josh Anderson            50     1   2  2  
 2 Jordan Martinook         Brendan Gallagher        50     1   2  2  

4 vs 4 Defense
   Defense                  Defense                  Time % Phy DF OF 
 1 Rasmus Ristolainen       Dougie Hamilton          50     1   2  2  
 2 Trevor van Riemsdyk      Jakob Chychrun           50     1   2  2  

Last Minutes Offensive
   Center                   Left Wing                Right Wing               Defense                  Defense                  
   Elias Lindholm           Josh Anderson            Brendan Gallagher        Rasmus Ristolainen       Dougie Hamilton          

Last Minutes Defensive
   Center                   Left Wing                Right Wing               Defense                  Defense                  
   Elias Lindholm           Josh Anderson            Brendan Gallagher        Rasmus Ristolainen       Dougie Hamilton          

Goaltenders
Starting : Alex Lyon                
Backup : Semyon Varlamov          

Extra Forwards
Normal : Alex Iafallo, Joel Kiviranta, Jack Drury - PP : Alex Iafallo, Joel Kiviranta - PK : Jack Drury
Extra Defensemen
Normal : Rasmus Ristolainen, Cam York, Trevor van Riemsdyk - PP : Dougie Hamilton - PK : Cam York, Trevor van Riemsdyk
Penalty Shots
Elias Lindholm, Josh Anderson, Jordan Martinook, Brendan Gallagher, Alex Iafallo

Scratches
Filip Chytil (Healthy), Jonas Siegenthaler (Healthy), Marc-Andre Fleury (Healthy)

Hartford Whalers

5 vs 5 Forward 
   Center                   Left Wing                Right Wing               Time % Phy DF OF 
 1 Nick Suzuki              Dylan Guenther           Anthony Cirelli          30     1   1  3  
 2 Sidney Crosby            Pierre-Luc Dubois        Jordan Kyrou             30     1   1  3  
 3 Filip Mesar              Jonathan Drouin          Tyson Foerster           25     1   1  3  
 4 Matthew Coronato         Anders Lee               Kaapo Kakko              15     1   3  1  

5 vs 5 Defense 
   Defense                  Defense                                           Time % Phy DF OF 
 1 Vladislav Gavrikov       Seth Jones                                        30     1   2  2  
 2 Devon Toews              Braden Schneider                                  30     1   2  2  
 3 Kaiden Guhle             Simon Edvinsson                                   25     1   2  2  
 4 Simon Edvinsson          Seth Jones                                        15     1   2  2  

PowerPlay Forward 
   Center                   Left Wing                Right Wing               Time % Phy DF OF 
 1 Sidney Crosby            Dylan Guenther           Nick Suzuki              50     0   1  4  
 2 Anders Lee               Pierre-Luc Dubois        Jordan Kyrou             50     0   1  4  

PowerPlay Defense
   Defense                  Defense                                           Time % Phy DF OF 
 1 Jonathan Drouin          Seth Jones                                        50     1   2  2  
 2 Matthew Coronato         Devon Toews                                       50     1   2  2  

Penalty Kill 4 Players Forward 
   Center                   Wing                     Time % Phy DF OF 
 1 Nick Suzuki              Anders Lee               50     1   2  2  
 2 Sidney Crosby            Anthony Cirelli          50     1   2  2  

Penalty Kill 4 Players Defense
   Defense                  Defense                  Time % Phy DF OF 
 1 Kaiden Guhle             Seth Jones               50     1   2  2  
 2 Vladislav Gavrikov       Devon Toews              50     1   2  2  

Penalty Kill - 3 Players Forward 
   Forward                                           Time % Phy DF OF 
 1 Nick Suzuki                                       50     1   2  2  
 2 Anthony Cirelli                                   50     1   2  2  

Penalty Kill - 3 Players Defense
   Defense                  Defense                  Time % Phy DF OF 
 1 Vladislav Gavrikov       Seth Jones               50     1   2  2  
 2 Kaiden Guhle             Braden Schneider         50     1   2  2  

4 vs 4 Forward 
   Center                   Wing                     Time % Phy DF OF 
 1 Sidney Crosby            Nick Suzuki              50     0   1  4  
 2 Dylan Guenther           Jordan Kyrou             50     0   2  3  

4 vs 4 Defense
   Defense                  Defense                  Time % Phy DF OF 
 1 Devon Toews              Seth Jones               50     1   2  2  
 2 Vladislav Gavrikov       Braden Schneider         50     1   2  2  

Last Minutes Offensive
   Center                   Left Wing                Right Wing               Defense                  Defense                  
   Sidney Crosby            Dylan Guenther           Nick Suzuki              Jonathan Drouin          Braden Schneider         

Last Minutes Defensive
   Center                   Left Wing                Right Wing               Defense                  Defense                  
   Anthony Cirelli          Filip Mesar              Anders Lee               Kaiden Guhle             Seth Jones               

Goaltenders
Starting : Spencer Knight           
Backup : Samuel Montembeault      

Extra Forwards
Normal : Dylan Guenther, Anders Lee, Jonathan Drouin - PP : Sidney Crosby, Dylan Guenther - PK : Anders Lee
Extra Defensemen
Normal : Braden Schneider, Kaiden Guhle, Vladislav Gavrikov - PP : Braden Schneider - PK : Kaiden Guhle, Vladislav Gavrikov
Penalty Shots
Nick Suzuki, Sidney Crosby, Pierre-Luc Dubois, Anthony Cirelli, Kaapo Kakko

Scratches
Joshua Norris (Healthy), Chaz Lucius (Healthy), Dylan Garand (Healthy)

% Time on Ice - Dallas Stars

Lines # - Real PCT - Wanted PCT - Time Play
Normal Forward
1 - 27% - 30% - 11:20
2 - 30% - 30% - 12:29
3 - 24% - 25% - 10:06
4 - 19% - 15% - 7:54
Normal Defense
1 - 34% - 35% - 14:23
2 - 35% - 35% - 14:28
3 - 31% - 30% - 12:58
4 - 0% - 0% - 0:00
PP Forward
1 - 51% - 50% - 3:12
2 - 49% - 50% - 3:05
PP Defense
1 - 48% - 50% - 3:02
2 - 52% - 50% - 3:15
PK Forward
1 - 54% - 50% - 6:24
2 - 46% - 50% - 5:30
PK Defense
1 - 51% - 50% - 6:03
2 - 49% - 50% - 5:51
PK3 Forward
1 - 0% - 50%
2 - 0% - 50%
PK3 Defense
1 - 0% - 50%
2 - 0% - 50%
44 Forward
1 - 53% - 50% - 2:40
2 - 47% - 50% - 2:20
44 Defense
1 - 41% - 50% - 2:02
2 - 59% - 50% - 2:58
Last Minute Offensive  - 0:00
Last Minute Defensive  - 0:00
Total
Forward - 65:00
Defense - 65:00

% Time on Ice - Hartford Whalers

Lines # - Real PCT - Wanted PCT - Time Play
Normal Forward
1 - 28% - 30% - 11:47
2 - 28% - 30% - 11:52
3 - 25% - 25% - 10:33
4 - 18% - 15% - 7:37
Normal Defense
1 - 31% - 30% - 13:07
2 - 32% - 30% - 13:35
3 - 27% - 25% - 11:11
4 - 9% - 15% - 3:56
PP Forward
1 - 50% - 50% - 5:58
2 - 50% - 50% - 5:56
PP Defense
1 - 50% - 50% - 5:58
2 - 50% - 50% - 5:56
PK Forward
1 - 50% - 50% - 3:09
2 - 50% - 50% - 3:08
PK Defense
1 - 45% - 50% - 2:50
2 - 55% - 50% - 3:27
PK3 Forward
1 - 0% - 50%
2 - 0% - 50%
PK3 Defense
1 - 0% - 50%
2 - 0% - 50%
44 Forward
1 - 54% - 50% - 2:43
2 - 46% - 50% - 2:17
44 Defense
1 - 55% - 50% - 2:45
2 - 45% - 50% - 2:15
Last Minute Offensive  - 0:00
Last Minute Defensive  - 0:00
Total
Forward - 65:00
Defense - 65:00

Play-by-Play

1st period


0:01 of 1st period - Anthony Cirelli wins face-off versus Elias Lindholm in neutral zone.
0:06 of 1st period - Snap shot by Nick Suzuki.
0:06 of 1st period - Stopped by Alex Lyon with a rebound.
0:26 of 1st period - Slapshot by Jonathan Drouin.
0:26 of 1st period - Shot Misses the Net.
0:34 of 1st period - Slapshot by Tyson Foerster.
0:34 of 1st period - Shot Misses the Net.
0:38 of 1st period - Slapshot by Tyson Foerster.
0:38 of 1st period - Shot Blocked by Dougie Hamilton.
0:48 of 1st period - Braden Schneider is hit by Jordan Martinook and loses puck.
1:01 of 1st period - Braden Schneider is hit by Jordan Greenway and loses puck.
1:35 of 1st period - Wrist shot by Joel Kiviranta.
1:35 of 1st period - Stopped by Spencer Knight without a rebound.
1:36 of 1st period - Dylan Guenther wins face-off versus Philip Tomasino in Hartford Whalers zone.
1:48 of 1st period - Kaiden Guhle is hit by Philip Tomasino and loses puck.
2:01 of 1st period - Luke Kunin is hit by Tyson Foerster.
2:30 of 1st period - Wrist shot by Jordan Kyrou.
2:30 of 1st period - Stopped by Alex Lyon with a rebound.
2:32 of 1st period - Wrist shot by Jordan Kyrou.
2:32 of 1st period - Shot Blocked by Jakob Chychrun.
2:34 of 1st period - Slapshot by Kaiden Guhle.
2:34 of 1st period - Shot Misses the Net.
2:36 of 1st period - Snap shot by Simon Edvinsson.
2:36 of 1st period - Shot Hit the Post.
2:38 of 1st period - Slapshot by Simon Edvinsson.
2:38 of 1st period - Stopped by Alex Lyon with a rebound.
3:17 of 1st period - Trevor van Riemsdyk is hit by Seth Jones and loses puck.
3:56 of 1st period - Wrist shot by Sidney Crosby.
3:56 of 1st period - Shot Blocked by Arber Xhekaj.
4:00 of 1st period - Snap shot by Pierre-Luc Dubois.
4:00 of 1st period - Deflect By Sidney Crosby.
4:00 of 1st period - Shot Blocked by Cam York.
4:00 of 1st period - Puck is out of play.
4:01 of 1st period - Elias Lindholm wins face-off versus Nick Suzuki in Dallas Stars zone.
4:51 of 1st period - Wrist shot by Jack Drury.
4:51 of 1st period - Stopped by Spencer Knight with a rebound.
4:53 of 1st period - Slapshot by Alex Iafallo.
4:53 of 1st period - Shot Blocked by Braden Schneider.
4:55 of 1st period - Snap shot by Trent Frederic.
4:55 of 1st period - Goal by Trent Frederic - Dallas Stars : 1 - Hartford Whalers : 0.
4:56 of 1st period - Filip Mesar wins face-off versus Elias Lindholm in neutral zone.
5:01 of 1st period - Slapshot by Tyson Foerster.
5:01 of 1st period - Stopped by Alex Lyon with a rebound.
5:03 of 1st period - Snap shot by Filip Mesar.
5:03 of 1st period - Shot Misses the Net.
5:05 of 1st period - Slapshot by Simon Edvinsson.
5:05 of 1st period - Stopped by Alex Lyon with a rebound.
5:07 of 1st period - Slapshot by Simon Edvinsson.
5:07 of 1st period - Deflect By Jonathan Drouin.
5:07 of 1st period - Goal by Jonathan Drouin - Dallas Stars : 1 - Hartford Whalers : 1.
5:08 of 1st period - Nick Suzuki wins face-off versus Philip Tomasino in neutral zone.
5:42 of 1st period - Backhand shot by Luke Kunin.
5:42 of 1st period - Shot Blocked by Simon Edvinsson.
6:00 of 1st period - Pierre-Luc Dubois is hit by Rasmus Ristolainen and loses puck.
6:19 of 1st period - Alex Iafallo is hit by Anders Lee and loses puck.
6:56 of 1st period - Simon Edvinsson is hit by Trent Frederic and loses puck.
7:08 of 1st period - Icing by Anthony Cirelli.
7:09 of 1st period - Nick Suzuki wins face-off versus Luke Kunin in Hartford Whalers zone.
7:09 of 1st period - Nick Suzuki is hit by Jordan Greenway.
7:49 of 1st period - Snap shot by Tyson Foerster.
7:49 of 1st period - Stopped by Alex Lyon with a rebound.
7:55 of 1st period - Minor Penalty to Josh Anderson for Holding.
7:56 of 1st period - Elias Lindholm wins face-off versus Anders Lee in Dallas Stars zone.
8:11 of 1st period - Jordan Martinook is hit by Anders Lee and loses puck.
8:46 of 1st period - Off-side.
8:47 of 1st period - Jordan Martinook wins face-off versus Anders Lee in neutral zone.
9:10 of 1st period - Snap shot by Sidney Crosby.
9:10 of 1st period - Shot Misses the Net.
9:12 of 1st period - Wrist shot by Sidney Crosby.
9:12 of 1st period - Shot Misses the Net.
9:14 of 1st period - Slapshot by Dylan Guenther.
9:14 of 1st period - Shot Misses the Net.
9:16 of 1st period - Snap shot by Devon Toews.
9:16 of 1st period - Shot Misses the Net.
9:28 of 1st period - Pierre-Luc Dubois is hit by Rasmus Ristolainen and loses puck.
9:50 of 1st period - Nick Suzuki is hit by Trevor van Riemsdyk.
9:55 of 1st period - Penalty to Josh Anderson is over, Josh Anderson is back on ice.
10:19 of 1st period - Wrist shot by Anders Lee.
10:19 of 1st period - Stopped by Alex Lyon with a rebound.
10:45 of 1st period - Snap shot by Jonatan Berggren.
10:45 of 1st period - Stopped by Spencer Knight without a rebound.
10:46 of 1st period - Filip Mesar wins face-off versus Philip Tomasino in Hartford Whalers zone.
11:00 of 1st period - Snap shot by Jonatan Berggren.
11:00 of 1st period - Stopped by Spencer Knight with a rebound.
11:02 of 1st period - Backhand shot by Joel Kiviranta.
11:02 of 1st period - Deflect By Philip Tomasino.
11:02 of 1st period - Shot Blocked by Vladislav Gavrikov.
11:02 of 1st period - Puck is out of play.
11:03 of 1st period - Luke Kunin wins face-off versus Sidney Crosby in Hartford Whalers zone.
11:10 of 1st period - Snap shot by Jordan Martinook.
11:10 of 1st period - Goal by Jordan Martinook - Dallas Stars : 2 - Hartford Whalers : 1.
11:11 of 1st period - Elias Lindholm wins face-off versus Sidney Crosby in neutral zone.
11:13 of 1st period - Minor Penalty to Sidney Crosby for High sticking.
11:14 of 1st period - Nick Suzuki wins face-off versus Elias Lindholm in Hartford Whalers zone.
11:24 of 1st period - Snap shot by Brendan Gallagher.
11:24 of 1st period - Shot Misses the Net.
11:26 of 1st period - Slapshot by Rasmus Ristolainen.
11:26 of 1st period - Stopped by Spencer Knight with a rebound.
12:07 of 1st period - Icing by Trevor van Riemsdyk.
12:08 of 1st period - Pierre-Luc Dubois wins face-off versus Luke Kunin in Dallas Stars zone.
13:13 of 1st period - Penalty to Sidney Crosby is over, Sidney Crosby is back on ice.
14:13 of 1st period - Wrist shot by Nick Suzuki.
14:13 of 1st period - Shot Misses the Net.
14:15 of 1st period - Slapshot by Nick Suzuki.
14:15 of 1st period - Stopped by Alex Lyon with a rebound.
14:17 of 1st period - Slapshot by Devon Toews.
14:17 of 1st period - Deflect By Jordan Martinook.
14:17 of 1st period - Stopped by Alex Lyon without a rebound.
14:18 of 1st period - Nick Suzuki wins face-off versus Josh Anderson in Dallas Stars zone.
14:25 of 1st period - Wrist shot by Dylan Guenther.
14:25 of 1st period - Stopped by Alex Lyon with a rebound.
14:27 of 1st period - Snap shot by Anthony Cirelli.
14:27 of 1st period - Shot Blocked by Dougie Hamilton.
14:29 of 1st period - Wrist shot by Anthony Cirelli.
14:29 of 1st period - Shot Blocked by Dougie Hamilton.
14:31 of 1st period - Snap shot by Anthony Cirelli.
14:31 of 1st period - Goal by Anthony Cirelli - Dallas Stars : 2 - Hartford Whalers : 2.
14:32 of 1st period - Sidney Crosby wins face-off versus Luke Kunin in neutral zone.
14:59 of 1st period - Josh Anderson is hit by Vladislav Gavrikov and loses puck.
15:26 of 1st period - Snap shot by Alex Iafallo.
15:26 of 1st period - Stopped by Spencer Knight with a rebound.
15:28 of 1st period - Snap shot by Trent Frederic.
15:28 of 1st period - Shot Blocked by Seth Jones.
16:18 of 1st period - Snap shot by Luke Kunin.
16:18 of 1st period - Shot Misses the Net.
16:20 of 1st period - Slapshot by Trevor van Riemsdyk.
16:20 of 1st period - Shot Misses the Net.
16:22 of 1st period - Wrist shot by Brendan Gallagher.
16:22 of 1st period - Stopped by Spencer Knight without a rebound.
16:23 of 1st period - Brendan Gallagher wins face-off versus Nick Suzuki in Hartford Whalers zone.
16:24 of 1st period - Snap shot by Elias Lindholm.
16:24 of 1st period - Shot Misses the Net.
16:26 of 1st period - Wrist shot by Elias Lindholm.
16:26 of 1st period - Stopped by Spencer Knight with a rebound.
16:28 of 1st period - Snap shot by Elias Lindholm.
16:28 of 1st period - Shot Blocked by Kaiden Guhle.
16:55 of 1st period - Wrist shot by Pierre-Luc Dubois.
16:55 of 1st period - Stopped by Alex Lyon without a rebound.
16:56 of 1st period - Sidney Crosby wins face-off versus Elias Lindholm in Dallas Stars zone.
17:08 of 1st period - Minor Penalty to Arber Xhekaj for Tripping.
17:09 of 1st period - Jordan Martinook wins face-off versus Anders Lee in Dallas Stars zone.
17:35 of 1st period - Wrist shot by Dylan Guenther.
17:35 of 1st period - Shot Misses the Net.
17:37 of 1st period - Slapshot by Seth Jones.
17:37 of 1st period - Stopped by Alex Lyon with a rebound.
17:43 of 1st period - Wrist shot by Sidney Crosby.
17:43 of 1st period - Shot Misses the Net.
17:45 of 1st period - Wrist shot by Dylan Guenther.
17:45 of 1st period - Shot Misses the Net.
19:08 of 1st period - Penalty to Arber Xhekaj is over, Arber Xhekaj is back on ice.
Goals for this period are 2 for Dallas Stars vs 2 for Hartford Whalers.
Shots for this period are 10 for Dallas Stars vs 14 for Hartford Whalers.

2nd period


0:01 of 2nd period - Sidney Crosby wins face-off versus Elias Lindholm in neutral zone.
0:06 of 2nd period - Dougie Hamilton is hit by Pierre-Luc Dubois and loses puck.
0:25 of 2nd period - Dougie Hamilton is hit by Seth Jones and loses puck.
0:52 of 2nd period - Snap shot by Alex Iafallo.
0:52 of 2nd period - Shot Misses the Net.
1:51 of 2nd period - Alex Iafallo is hit by Seth Jones and loses puck.
2:14 of 2nd period - Minor Penalty to Luke Kunin for Roughing.
2:15 of 2nd period - Jordan Martinook wins face-off versus Sidney Crosby in Dallas Stars zone.
3:25 of 2nd period - Icing by Jonathan Drouin.
3:26 of 2nd period - Jordan Martinook wins face-off versus Anders Lee in Hartford Whalers zone.
4:14 of 2nd period - Penalty to Luke Kunin is over, Luke Kunin is back on ice.
4:29 of 2nd period - Wrist shot by Jonathan Drouin.
4:29 of 2nd period - Shot Misses the Net.
4:47 of 2nd period - Minor Penalty to Anders Lee for Hooking.
4:48 of 2nd period - Nick Suzuki wins face-off versus Jordan Martinook in Hartford Whalers zone.
4:59 of 2nd period - Slapshot by Luke Kunin.
4:59 of 2nd period - Stopped by Spencer Knight with a rebound.
5:50 of 2nd period - Sidney Crosby is hit by Jordan Martinook and loses puck.
6:03 of 2nd period - Wrist shot by Brendan Gallagher.
6:03 of 2nd period - Stopped by Spencer Knight with a rebound.
6:43 of 2nd period - Devon Toews is hit by Jordan Greenway and loses puck.
6:47 of 2nd period - Penalty to Anders Lee is over, Anders Lee is back on ice.
7:06 of 2nd period - Snap shot by Tyson Foerster.
7:06 of 2nd period - Shot Blocked by Dougie Hamilton.
7:16 of 2nd period - Kaapo Kakko is hit by Rasmus Ristolainen and loses puck.
8:55 of 2nd period - Simon Edvinsson is hit by Philip Tomasino and loses puck.
9:08 of 2nd period - Matthew Coronato is hit by Arber Xhekaj and loses puck.
9:36 of 2nd period - Luke Kunin is hit by Jonathan Drouin and loses puck.
9:51 of 2nd period - Icing by Luke Kunin.
9:52 of 2nd period - Sidney Crosby wins face-off versus Jordan Martinook in Dallas Stars zone.
9:57 of 2nd period - Snap shot by Sidney Crosby.
9:57 of 2nd period - Stopped by Alex Lyon with a rebound.
9:59 of 2nd period - Slapshot by Devon Toews.
9:59 of 2nd period - Deflect By Jakob Chychrun.
9:59 of 2nd period - Stopped by Alex Lyon with a rebound.
10:20 of 2nd period - Elias Lindholm is hit by Nick Suzuki and loses puck.
11:30 of 2nd period - Wrist shot by Dylan Guenther.
11:30 of 2nd period - Stopped by Alex Lyon with a rebound.
11:44 of 2nd period - Slapshot by Anders Lee.
11:44 of 2nd period - Shot Misses the Net.
12:05 of 2nd period - Wrist shot by Dougie Hamilton.
12:05 of 2nd period - Shot Blocked by Devon Toews.
12:28 of 2nd period - Wrist shot by Seth Jones.
12:28 of 2nd period - Shot Blocked by Brendan Gallagher.
12:30 of 2nd period - Snap shot by Jordan Kyrou.
12:30 of 2nd period - Shot Blocked by Dougie Hamilton.
12:44 of 2nd period - Elias Lindholm is hit by Seth Jones and loses puck.
12:53 of 2nd period - Snap shot by Anders Lee.
12:53 of 2nd period - Deflect By Matthew Coronato.
12:53 of 2nd period - Stopped by Alex Lyon with a rebound.
12:55 of 2nd period - Slapshot by Braden Schneider.
12:55 of 2nd period - Goal by Braden Schneider - Dallas Stars : 2 - Hartford Whalers : 3.
12:56 of 2nd period - Sidney Crosby wins face-off versus Luke Kunin in neutral zone.
13:11 of 2nd period - Slapshot by Sidney Crosby.
13:11 of 2nd period - Stopped by Alex Lyon with a rebound.
13:13 of 2nd period - Snap shot by Pierre-Luc Dubois.
13:13 of 2nd period - Stopped by Alex Lyon without a rebound.
13:14 of 2nd period - Elias Lindholm wins face-off versus Nick Suzuki in Dallas Stars zone.
13:19 of 2nd period - Slapshot by Dougie Hamilton.
13:19 of 2nd period - Stopped by Spencer Knight without a rebound.
13:20 of 2nd period - Brendan Gallagher wins face-off versus Nick Suzuki in Hartford Whalers zone.
14:30 of 2nd period - Snap shot by Pierre-Luc Dubois.
14:30 of 2nd period - Shot Blocked by Trevor van Riemsdyk.
14:34 of 2nd period - Slapshot by Sidney Crosby.
14:34 of 2nd period - Deflect By Pierre-Luc Dubois.
14:34 of 2nd period - Stopped by Alex Lyon with a rebound.
14:36 of 2nd period - Wrist shot by Sidney Crosby.
14:36 of 2nd period - Stopped by Alex Lyon without a rebound.
14:37 of 2nd period - Nick Suzuki wins face-off versus Luke Kunin in Dallas Stars zone.
15:11 of 2nd period - Snap shot by Anders Lee.
15:11 of 2nd period - Stopped by Alex Lyon with a rebound.
15:13 of 2nd period - Snap shot by Kaapo Kakko.
15:13 of 2nd period - Deflect By Matthew Coronato.
15:13 of 2nd period - Stopped by Alex Lyon with a rebound.
15:29 of 2nd period - Slapshot by Josh Anderson.
15:29 of 2nd period - Stopped by Spencer Knight without a rebound.
15:30 of 2nd period - Elias Lindholm wins face-off versus Nick Suzuki in Hartford Whalers zone.
15:33 of 2nd period - Snap shot by Brendan Gallagher.
15:33 of 2nd period - Stopped by Spencer Knight without a rebound.
15:34 of 2nd period - Elias Lindholm wins face-off versus Nick Suzuki in Hartford Whalers zone.
15:49 of 2nd period - Wrist shot by Brendan Gallagher.
15:49 of 2nd period - Stopped by Spencer Knight with a rebound.
16:05 of 2nd period - Snap shot by Trent Frederic.
16:05 of 2nd period - Stopped by Spencer Knight without a rebound.
16:06 of 2nd period - Sidney Crosby wins face-off versus Luke Kunin in Hartford Whalers zone.
16:31 of 2nd period - Brendan Gallagher is hit by Anthony Cirelli and loses puck.
16:54 of 2nd period - Slapshot by Jakob Chychrun.
16:54 of 2nd period - Shot Blocked by Simon Edvinsson.
17:18 of 2nd period - Snap shot by Philip Tomasino.
17:18 of 2nd period - Stopped by Spencer Knight with a rebound.
17:36 of 2nd period - Slapshot by Pierre-Luc Dubois.
17:36 of 2nd period - Stopped by Alex Lyon with a rebound.
17:53 of 2nd period - Icing by Dougie Hamilton.
17:54 of 2nd period - Nick Suzuki wins face-off versus Luke Kunin in Dallas Stars zone.
18:51 of 2nd period - Slapshot by Jack Drury.
18:51 of 2nd period - Stopped by Spencer Knight with a rebound.
19:10 of 2nd period - Snap shot by Joel Kiviranta.
19:10 of 2nd period - Stopped by Spencer Knight with a rebound.
Goals for this period are 0 for Dallas Stars vs 1 for Hartford Whalers.
Shots for this period are 10 for Dallas Stars vs 12 for Hartford Whalers.

3rd period


0:01 of 3rd period - Nick Suzuki wins face-off versus Luke Kunin in neutral zone.
0:12 of 3rd period - Snap shot by Nick Suzuki.
0:12 of 3rd period - Stopped by Alex Lyon with a rebound.
0:14 of 3rd period - Slapshot by Simon Edvinsson.
0:14 of 3rd period - Stopped by Alex Lyon with a rebound.
0:16 of 3rd period - Slapshot by Seth Jones.
0:16 of 3rd period - Shot Blocked by Jakob Chychrun.
0:49 of 3rd period - Slapshot by Dougie Hamilton.
0:49 of 3rd period - Shot Misses the Net.
0:53 of 3rd period - Backhand shot by Josh Anderson.
0:53 of 3rd period - Deflect By Brendan Gallagher.
0:53 of 3rd period - Stopped by Spencer Knight with a rebound.
0:55 of 3rd period - Wrist shot by Josh Anderson.
0:55 of 3rd period - Stopped by Spencer Knight with a rebound.
0:57 of 3rd period - Snap shot by Brendan Gallagher.
0:57 of 3rd period - Shot Misses the Net.
1:18 of 3rd period - Anders Lee is hit by Arber Xhekaj and loses puck.
1:31 of 3rd period - Jakob Chychrun is hit by Dylan Guenther and loses puck.
2:22 of 3rd period - Off-side.
2:23 of 3rd period - Luke Kunin wins face-off versus Nick Suzuki in neutral zone.
2:48 of 3rd period - Brendan Gallagher is hit by Jordan Kyrou and loses puck.
3:11 of 3rd period - Backhand shot by Alex Iafallo.
3:11 of 3rd period - Stopped by Spencer Knight with a rebound.
3:13 of 3rd period - Snap shot by Jack Drury.
3:13 of 3rd period - Shot Misses the Net.
4:01 of 3rd period - Slapshot by Jordan Greenway.
4:01 of 3rd period - Stopped by Spencer Knight with a rebound.
4:14 of 3rd period - Minor Penalty to Josh Anderson for Delaying the game.
4:15 of 3rd period - Sidney Crosby wins face-off versus Jordan Martinook in Dallas Stars zone.
4:40 of 3rd period - Dylan Guenther is hit by Jordan Martinook and loses puck.
5:28 of 3rd period - Slapshot by Sidney Crosby.
5:28 of 3rd period - Stopped by Alex Lyon with a rebound.
5:34 of 3rd period - Wrist shot by Sidney Crosby.
5:34 of 3rd period - Shot Misses the Net.
5:38 of 3rd period - Wrist shot by Nick Suzuki.
5:38 of 3rd period - Shot Misses the Net.
5:40 of 3rd period - Slapshot by Matthew Coronato.
5:40 of 3rd period - Stopped by Alex Lyon with a rebound.
6:14 of 3rd period - Penalty to Josh Anderson is over, Josh Anderson is back on ice.
7:00 of 3rd period - Wrist shot by Sidney Crosby.
7:00 of 3rd period - Deflect By Josh Anderson.
7:00 of 3rd period - Shot Misses the Net.
7:00 of 3rd period - Puck is out of play.
7:01 of 3rd period - Filip Mesar wins face-off versus Philip Tomasino in Dallas Stars zone.
7:06 of 3rd period - Wrist shot by Tyson Foerster.
7:06 of 3rd period - Shot Misses the Net.
7:41 of 3rd period - Snap shot by Anthony Cirelli.
7:41 of 3rd period - Shot Blocked by Alex Iafallo.
7:43 of 3rd period - Minor Penalty to Trent Frederic for Interference.
7:44 of 3rd period - Elias Lindholm wins face-off versus Anders Lee in Dallas Stars zone.
8:34 of 3rd period - Wrist shot by Anthony Cirelli.
8:34 of 3rd period - Deflect By Kaapo Kakko.
8:34 of 3rd period - Shot Misses the Net.
8:34 of 3rd period - Puck is out of play.
8:35 of 3rd period - Anthony Cirelli wins face-off versus Jordan Martinook in Dallas Stars zone.
8:38 of 3rd period - Snap shot by Anthony Cirelli.
8:38 of 3rd period - Deflect By Kaapo Kakko.
8:38 of 3rd period - Shot Blocked by Jordan Martinook.
8:38 of 3rd period - Puck is out of play.
8:39 of 3rd period - Anders Lee wins face-off versus Jordan Martinook in Dallas Stars zone.
9:16 of 3rd period - Seth Jones is hit by Josh Anderson and loses puck.
9:43 of 3rd period - Penalty to Trent Frederic is over, Trent Frederic is back on ice.
9:51 of 3rd period - Snap shot by Alex Iafallo.
9:51 of 3rd period - Stopped by Spencer Knight with a rebound.
9:53 of 3rd period - Snap shot by Jack Drury.
9:53 of 3rd period - Shot Misses the Net.
10:13 of 3rd period - Simon Edvinsson is hit by Joel Kiviranta and loses puck.
10:52 of 3rd period - Slapshot by Elias Lindholm.
10:52 of 3rd period - Shot Misses the Net.
10:58 of 3rd period - Braden Schneider is hit by Elias Lindholm and loses puck.
11:19 of 3rd period - Snap shot by Jack Drury.
11:19 of 3rd period - Stopped by Spencer Knight with a rebound.
11:21 of 3rd period - Snap shot by Alex Iafallo.
11:21 of 3rd period - Stopped by Spencer Knight with a rebound.
11:23 of 3rd period - Slapshot by Cam York.
11:23 of 3rd period - Shot Blocked by Vladislav Gavrikov.
11:41 of 3rd period - Slapshot by Jakob Chychrun.
11:41 of 3rd period - Stopped by Spencer Knight without a rebound.
11:42 of 3rd period - Nick Suzuki wins face-off versus Jack Drury in Hartford Whalers zone.
12:16 of 3rd period - Wrist shot by Kaapo Kakko.
12:16 of 3rd period - Stopped by Alex Lyon without a rebound.
12:17 of 3rd period - Elias Lindholm wins face-off versus Sidney Crosby in Dallas Stars zone.
12:19 of 3rd period - Minor Penalty to Josh Anderson for Cross-checking.
12:20 of 3rd period - Jordan Martinook wins face-off versus Anders Lee in Dallas Stars zone.
12:50 of 3rd period - Snap shot by Elias Lindholm.
12:50 of 3rd period - Stopped by Spencer Knight with a rebound.
12:56 of 3rd period - Wrist shot by Sidney Crosby.
12:56 of 3rd period - Shot Misses the Net.
13:08 of 3rd period - Slapshot by Trevor van Riemsdyk.
13:08 of 3rd period - Shot Blocked by Matthew Coronato.
13:16 of 3rd period - Jack Drury is hit by Devon Toews and loses puck.
13:26 of 3rd period - Off-side.
13:27 of 3rd period - Jordan Martinook wins face-off versus Sidney Crosby in neutral zone.
14:19 of 3rd period - Penalty to Josh Anderson is over, Josh Anderson is back on ice.
14:51 of 3rd period - Icing by Luke Kunin.
14:52 of 3rd period - Matthew Coronato wins face-off versus Luke Kunin in Dallas Stars zone.
14:55 of 3rd period - Slapshot by Anders Lee.
14:55 of 3rd period - Shot Blocked by Jordan Greenway.
14:57 of 3rd period - Snap shot by Matthew Coronato.
14:57 of 3rd period - Shot Misses the Net.
15:26 of 3rd period - Double Minor Penalty to Vladislav Gavrikov for Roughing.
15:27 of 3rd period - Anders Lee wins face-off versus Elias Lindholm in Hartford Whalers zone.
15:36 of 3rd period - Off-side.
15:37 of 3rd period - Elias Lindholm wins face-off versus Sidney Crosby in neutral zone.
15:42 of 3rd period - Backhand shot by Josh Anderson.
15:42 of 3rd period - Stopped by Spencer Knight with a rebound.
15:44 of 3rd period - Slapshot by Trevor van Riemsdyk.
15:44 of 3rd period - Stopped by Spencer Knight with a rebound.
15:46 of 3rd period - Wrist shot by Josh Anderson.
15:46 of 3rd period - Goal by Josh Anderson - Dallas Stars : 3 - Hartford Whalers : 3.
15:47 of 3rd period - Nick Suzuki wins face-off versus Luke Kunin in neutral zone.
16:47 of 3rd period - Slapshot by Seth Jones.
16:47 of 3rd period - Stopped by Alex Lyon without a rebound.
16:48 of 3rd period - Jordan Greenway wins face-off versus Sidney Crosby in Dallas Stars zone.
17:03 of 3rd period - Snap shot by Elias Lindholm.
17:03 of 3rd period - Stopped by Spencer Knight without a rebound.
17:04 of 3rd period - Elias Lindholm wins face-off versus Nick Suzuki in Hartford Whalers zone.
17:15 of 3rd period - Snap shot by Elias Lindholm.
17:15 of 3rd period - Shot Misses the Net.
17:46 of 3rd period - Penalty to Vladislav Gavrikov is over, Vladislav Gavrikov is back on ice.
18:06 of 3rd period - Jonathan Drouin is hit by Dougie Hamilton and loses puck.
18:25 of 3rd period - Wrist shot by Philip Tomasino.
18:25 of 3rd period - Shot Blocked by Sidney Crosby.
19:03 of 3rd period - Elias Lindholm is hit by Anders Lee and loses puck.
19:22 of 3rd period - Jakob Chychrun is hit by Filip Mesar and loses puck.
19:47 of 3rd period - Snap shot by Sidney Crosby.
19:47 of 3rd period - Shot Misses the Net.
Goals for this period are 1 for Dallas Stars vs 0 for Hartford Whalers.
Shots for this period are 13 for Dallas Stars vs 6 for Hartford Whalers.

Overtime #1


0:01 of 1st overtime period - Sidney Crosby wins face-off versus Elias Lindholm in neutral zone.
0:04 of 1st overtime period - Wrist shot by Nick Suzuki.
0:04 of 1st overtime period - Shot Misses the Net.
0:14 of 1st overtime period - Snap shot by Josh Anderson.
0:14 of 1st overtime period - Shot Misses the Net.
0:16 of 1st overtime period - Wrist shot by Elias Lindholm.
0:16 of 1st overtime period - Shot Misses the Net.
0:26 of 1st overtime period - Dougie Hamilton is hit by Seth Jones and loses puck.
3:01 of 1st overtime period - Jordan Greenway is hit by Jonathan Drouin and loses puck.
4:57 of 1st overtime period - Icing by Josh Anderson.
4:58 of 1st overtime period - Anders Lee wins face-off versus Joel Kiviranta in Dallas Stars zone.
Goals for this period are 0 for Dallas Stars vs 0 for Hartford Whalers.
Shots for this period are 0 for Dallas Stars vs 0 for Hartford Whalers.

ShootOut


5:00 of 1st overtime period - Round #1.
5:00 of 1st overtime period - Dallas Stars, Elias Lindholm.
5:00 of 1st overtime period - Snap shot by Elias Lindholm.
5:00 of 1st overtime period - Stopped by Spencer Knight.
5:00 of 1st overtime period - Hartford Whalers, Nick Suzuki.
5:00 of 1st overtime period - Backhand shot by Nick Suzuki.
5:00 of 1st overtime period - Stopped by Alex Lyon.
5:00 of 1st overtime period - Round #2.
5:00 of 1st overtime period - Dallas Stars, Josh Anderson.
5:00 of 1st overtime period - Wrist shot by Josh Anderson.
5:00 of 1st overtime period - Stopped by Spencer Knight.
5:00 of 1st overtime period - Hartford Whalers, Sidney Crosby.
5:00 of 1st overtime period - Wrist shot by Sidney Crosby.
5:00 of 1st overtime period - Goal by Sidney Crosby.
5:00 of 1st overtime period - Round #3.
5:00 of 1st overtime period - Dallas Stars, Jordan Martinook.
5:00 of 1st overtime period - Backhand shot by Jordan Martinook.
5:00 of 1st overtime period - Goal by Jordan Martinook.
5:00 of 1st overtime period - Hartford Whalers, Pierre-Luc Dubois.
5:00 of 1st overtime period - Backhand shot by Pierre-Luc Dubois.
5:00 of 1st overtime period - Shot Misses the Net.
5:00 of 1st overtime period - Round #4.
5:00 of 1st overtime period - Dallas Stars, Brendan Gallagher.
5:00 of 1st overtime period - Snap shot by Brendan Gallagher.
5:00 of 1st overtime period - Stopped by Spencer Knight.
5:00 of 1st overtime period - Hartford Whalers, Anthony Cirelli.
5:00 of 1st overtime period - Snap shot by Anthony Cirelli.
5:00 of 1st overtime period - Stopped by Alex Lyon.
5:00 of 1st overtime period - Round #5.
5:00 of 1st overtime period - Dallas Stars, Alex Iafallo.
5:00 of 1st overtime period - Snap shot by Alex Iafallo.
5:00 of 1st overtime period - Stopped by Spencer Knight.
5:00 of 1st overtime period - Hartford Whalers, Kaapo Kakko.
5:00 of 1st overtime period - Wrist shot by Kaapo Kakko.
5:00 of 1st overtime period - Goal by Kaapo Kakko.